 Dungeon Crawl Stone Soup version 0.31-a0-692-gf03d1854d5 (webtiles) character file.

Game seed: 535408418967821310

13 qw the Shooter (level 2, -2/17 HPs)
             Began as a Gargoyle Hunter on Sept 6, 2023.
             Slain by a hobgoblin (3 damage)
             ... on level 1 of the Dungeon.
             The game lasted 00:00:07 (241 turns).

qw the Shooter (Gargoyle Hunter)                     Turns: 241, Time: 00:00:08

Health: -2/17      AC:  5    Str: 14    XL:     2   Next: 37%
Magic:  2/2        EV: 11    Int:  9    God:
Gold:   23         SH:  0    Dex: 13    Spells: 1/1 levels left

rFire   . . .        a - +0 shortbow
rCold   . . .        (shield currently unavailable)
rNeg    + . .        c - +0 leather armour
rPois   inf          (no helmet)
rElec   +            (no cloak)
rCorr   .            (no gloves)
SInv    .            (no boots)
Will    .....        (no amulet)
Stlth   +            (no ring)
HPRegen 0.22/turn    (no ring)
MPRegen 0.08/turn

%: no passive effects
@: no status effects
A: sickness immunity, AC +2, negative energy resistance 1, electricity
resistance, torment resistance 1, petrification resistance
a: no special abilities


You were on level 1 of the Dungeon.
You visited 1 branch of the dungeon, and saw 1 of its levels.

You collected 23 gold pieces.


Innate Abilities, Weirdness & Mutations

You are immune to sickness and miasma.
Your stone body is resilient. (AC +2)
You are immune to poison.
You resist negative energy. (rN+)
You are resistant to electric shocks. (rElec)
You are resistant to unholy torment.
You are immune to petrification.


   Skills:
 - Level 2.1 Fighting
 + Level 4.6 Ranged Weapons
 - Level 1.5 Dodging
 - Level 1.1 Stealth


You had one spell level left.
You didn't know any spells.
Your spell library was empty.

Inventory:

Hand Weapons
 a - a +0 shortbow (weapon)
Armour
 c - a +0 leather armour (worn)
 g - a +0 cloak
Scrolls
 b - a scroll of butterflies
 d - a scroll of immolation {unknown}
 f - a scroll of fear {unknown}
Potions
 e - a potion of enlightenment {unknown}

Dungeon Overview and Level Annotations

Branches:
Dungeon (1/15)

Altars:

Shops:
D:1 (


Message History

The arrow misses the kobold.
The kobold shouts!
You shoot an arrow.
The arrow hits the hobgoblin but does no damage.
You shoot an arrow. The arrow closely misses the hobgoblin.
A goblin comes into view. It is wielding a +0 dagger.
You shoot an arrow. The goblin shouts!
The arrow hits the hobgoblin but does no damage.
A hobgoblin comes into view.
The hobgoblin closely misses you.
You shoot an arrow. The hobgoblin shouts!
The arrow hits the hobgoblin but does no damage.
The hobgoblin hits you.
You shoot an arrow. The arrow closely misses the hobgoblin.
The kobold barely misses you. The hobgoblin hits you.
You shoot an arrow. The arrow barely misses the hobgoblin.
The kobold hits you but does no damage. The hobgoblin closely misses you.
You shoot an arrow. The arrow barely misses the hobgoblin.
The kobold completely misses you. The hobgoblin hits you.
The kobold hits you with a +0 club.
You shoot an arrow. The arrow hits the goblin.
The goblin is severely wounded.
The kobold hits you with a +0 club. The hobgoblin closely misses you.
You shoot an arrow. The arrow closely misses the goblin.
The kobold misses you.
The hobgoblin hits you but does no damage.
The goblin hits you with a +0 dagger.
You shoot an arrow. The arrow hits the goblin.
You kill the goblin!
The kobold hits you with a +0 club.
The hobgoblin hits you but does no damage.
The hobgoblin barely misses you.
You shoot an arrow. The arrow barely misses the hobgoblin.
The kobold misses you. The hobgoblin barely misses you. x2
You shoot an arrow. The arrow closely misses the hobgoblin.
The kobold hits you with a +0 club. The hobgoblin closely misses you.
The hobgoblin hits you.
You die...

...###...)....#....# #.#
.#..######..####.#.####.#
.....##.....# #........#
.%.#........# #.#.######
##.#...#..#.####.#.#
....##.#...........#
.#......##.#####.#.#
.#...#.....#####g#.#
.###.#......(...@g.#
......##...#####)K......
...#.....#.#####.####...
##.#...###.... ... ..
....##..##..## ##.
.#.......#..# .#
.#.).#......# ..
..##.#.###..# .# .......#
#..#####.#


You could see 2 hobgoblins and a kobold.

Vanquished Creatures
  2 bats (D:1)
  An endoplasm (D:1)
  3 giant cockroaches (D:1)
  A goblin (D:1)
  A quokka (D:1)
  3 kobolds (D:1)
11 creatures vanquished.

Notes
Turn   | Place    | Note
-------+----------+-------------------------------------------
     0 | D:1      | qw the Gargoyle Hunter began the quest for the Orb.
     0 | D:1      | Reached XP level 1. HP: 12/12 MP: 1/1
     0 | D:1      | 0 ||| qw: Version: 0.3-a-76-g4403597
     0 | D:1      | 0 ||| qw: Game counter: 341
     0 | D:1      | 0 ||| qw: Melee chars always use a shield: true
     0 | D:1      | 0 ||| qw: God list: Okawaru
     0 | D:1      | 0 ||| qw: Allow faded altars: false
     0 | D:1      | 0 ||| qw: Do Orc after clearing Dungeon:15 true
     0 | D:1      | 0 ||| qw: Do second Lair branch before Depths: true
     0 | D:1      | 0 ||| qw: Lair rune preference: random
     0 | D:1      | 0 ||| qw: Goals: Normal
     0 | D:1      | 0 ||| PLANNING D:1-11
    84 | D:1      | Reached XP level 2. HP: 17/17 MP: 2/2
   130 | D:1      | Found Ronux's Weapon Emporium.
   239 | D:1      | HP: 4/17 [kobold/+0 club (2)]
   241 | D:1      | HP: 1/17 [kobold/+0 club (3)]
   241 | D:1      | Slain by a hobgoblin

Levels and vault maps discovered:
D:1:      dpeg_arrival_prison, layout_loops_ring, serial_shops, shop,
          serial_bayou_ford_a, minivault_14, minmay_misc_feat_room,
          hangedman_decor_points

Action                     || total
---------------------------++-------
   Fire: Shortbow          ||    34
 Armour: Leather armour    ||    15
  Dodge: Dodged            ||    17

Table legend:
 A = Non-vault XP
 B = Vault XP
 C = Vault XP percentage of total XP
 D = Non-vault monster count
 E = Vault monster count
 F = Vault count percentage of total count
                 A         B        C        D         E       F
            +---------+---------+-------+---------+---------+-------
      Total |      13 |       6 |  31.6 |       8 |       3 |  27.3
            +---------+---------+-------+---------+---------+-------
        D:1 |      13 |       6 |  31.6 |       8 |       3 |  27.3
            +---------+---------+-------+---------+---------+-------
